 Dungeon Crawl Stone Soup version 0.30-a0-622-gddc90eaa04 (webtiles) character file.

Game seed: 4096687604834791481

1457 IdlyInterested the Chopper (level 8, -7/61 (64) HPs)
             Began as a Demonspawn Gladiator on Jan 10, 2023.
             Mangled by an iguana (9 damage)
             ... on level 6 of the Dungeon.
             The game lasted 00:13:29 (5559 turns).

IdlyInterested the Chopper (Demonspawn Gladiator)   Turns: 5559, Time: 00:13:30

HP:   -7/61 (64)    AC:  7    Str: 23    XL:     8   Next: 47%
MP:   8/8           EV: 11    Int: 10    God:
Gold: 233           SH:  0    Dex: 14    Spells: 7/7 levels left

rFire   . . .      SeeInvis .    a - +0 war axe (flame)
rCold   + . .      Faith    .    (no shield)
rNeg    . . .      Spirit   .    y - +0 scale mail
rPois   .          Reflect  .    (helmet restricted)
rElec   .          Harm     .    g - +0 cloak {Will+}
rCorr   .          Rampage  .    (no gloves)
Will    ++...                    (no boots) Stlth
                                 (no amulet)
HPRegen 0.30/turn                c - ring of willpower
MPRegen 0.11/turn                q - +6 ring of strength

@: lightly drained
A: hooves 1, horns 2, ignite blood 1, demonic touch 1, cold resistance 1,
subdued magic 1
a: no special abilities


You were on level 6 of the Dungeon.
You visited 2 branches of the dungeon, and saw 7 of its levels.

You collected 233 gold pieces.

Inventory:

Hand Weapons
 a - a +0 war axe of flaming (weapon)
 o - a +0 rapier
 r - a +0 dagger of speed
 w - a +0 rapier
 A - a +0 broad axe
 E - a +4 trident of protection
 H - a +2 spear of flaming
Missiles
 d - 2 throwing nets
 e - 3 javelins
 h - 4 boomerangs of dispersal
 k - 56 stones (quivered)
 x - 4 poisoned darts
Armour
 b - a +0 leather armour
 g - a +0 cloak of willpower (worn)
 y - a +0 scale mail (worn)
Jewellery
 c - a ring of willpower (left hand)
 f - a ring of flight
 q - a +6 ring of strength (right hand)
 G - a +6 ring of strength
Wands
 u - a wand of quicksilver (12)
 v - a wand of iceblast (10)
Scrolls
 i - a scroll of brand weapon
 l - a scroll of fog
 s - a scroll of immolation
 B - 2 scrolls of fear
 C - a scroll of blinking
Potions
 j - a potion of berserk rage
 m - a potion of magic
 n - 3 potions of mutation
 p - a potion of flight {unknown}
 z - a potion of curing
 D - a potion of attraction
 F - 2 potions of haste


   Skills:
 * Level 6.0 Fighting
 + Level 7.2 Axes
 - Level 2.0 Throwing
 - Level 3.0 Armour
 - Level 3.0 Dodging
 * Level 1.6 Unarmed Combat
 - Level 2.0 Evocations


You had 7 spell levels left.
You didn't know any spells.
Your spell library contained the following spells:

 Spells                   Type           Power      Damage    Failure   Level
 Scorch                   Fire           0%         2d5       78%         2
 Sublimation of Blood     Necr           0%         N/A       78%         2
 Ignite Poison            Fire/Tmut/Pois 0%         N/A       95%         3
 Flame Wave               Conj/Fire      0%         2d4       100%        4
 Petrify                  Tmut/Erth      0%         N/A       100%        4
 Sticky Flame             Conj/Fire      0%         2d3       100%        4
 Irradiate                Conj/Tmut      0%         3d11      100%        5
 Summon Cactus Giant      Summ           0%         N/A       100%        6
 Ignition                 Fire           0%         3d3       100%        8


Dungeon Overview and Level Annotations

Branches:
Dungeon (6/15)             Temple (1/1) D:4

Altars:
Cheibriados
Dithmenos
Fedhas
Kikubaaqudgha
Makhleb
Qazlal
Ru
Trog
Uskayaw
Wu Jian
Yredelemnul

Shops:
D:2 (


Innate Abilities, Weirdness & Mutations

You have large cloven feet.
You have a pair of horns on your head.
Your demonic aura sometimes causes spilled blood to erupt in flames.
Your touch may inflict minor irresistible damage on your foes.
Your flesh is cold resistant. (rC+)
Your spells are a little easier to cast, but a little less powerful.


Message History

The iguana hisses angrily.
The wight hits you with a +0 halberd!
* * * LOW HITPOINT WARNING * * *
You feel drained.
* * * LOW HITPOINT WARNING * * *
You see here a white potion.
You hit the wight but do no damage. You kick the wight, but do no damage.
You touch the wight!
The wight is heavily damaged.
The wight closely misses you.
You feel much better. The wight hits you with a +0 halberd!
You feel drained.
You barely miss the wight.
You headbutt the wight, but do no damage.
The wight is heavily damaged.
The wight hits you with a +0 halberd.
You feel drained.
You hit the wight but do no damage.
The wight is heavily damaged.
You hit the wight. You burn the wight. The wight closely misses you.
The wight hits you with a +0 scimitar.
* * * LOW HITPOINT WARNING * * *
You feel drained.
* * * LOW HITPOINT WARNING * * *
You slash the wight! You burn the wight.
You destroy the wight!
You hit the wight but do no damage. The wight closely misses you.
The iguana bites you!
* * * LOW HITPOINT WARNING * * *
The wight barely misses you.
You slash the wight! You burn the wight.
You destroy the wight!
You barely miss the iguana. The iguana completely misses you.
Your Fighting skill increases to level 6!
You closely miss the iguana. You headbutt the iguana!
The iguana is severely wounded.
The iguana closely misses you.
You barely miss the iguana. You kick the iguana, but do no damage.
Your headbutt misses the iguana.
The iguana is severely wounded.
The iguana bites you!
You die...

.............#
.............# .#
............## #.#
.............## ..#
..........##..## #.#
.........####..##..#
........## #......#
#......## ##.....#
######..# ##)@).#
##..# #l.).# #..
#........
...........#
............#
..............#
...............
...............


You could see an iguana.

Vanquished Creatures
  Grinder (D:5)
  A steam dragon (D:6)
  A water moccasin (D:5)
  An ogre (D:5)
  A bullfrog (D:6)
  A gnoll sergeant (D:6)
  2 scorpions
  A necrophage (D:5)
  3 wights (D:6)
  3 hounds
  Crazy Yiuf (D:2)
  A jelly (D:5)
  4 iguanas
  2 orc wizards
  Ijyb (D:3)
  Robin (D:3)
  2 gnolls (D:6)
  3 adders
  2 white imps (D:5)
  2 worms (D:2)
  A dart slug (D:5)
  14 orcs
  8 ball pythons
  4 endoplasms
  2 giant cockroaches
  15 goblins
  10 hobgoblins
  6 kobolds
  2 quokkas
  8 bats
  3 frilled lizards
  5 rats
112 creatures vanquished.

Vanquished Creatures (others)
  A gnoll (D:6)
1 creature vanquished.

Grand Total: 113 creatures vanquished

Notes
Turn   | Place    | Note
-------+----------+-------------------------------------------
     0 | D:1      | IdlyInterested the Demonspawn Gladiator began the quest for
                  | the Orb.
     0 | D:1      | Reached XP level 1. HP: 16/16 MP: 1/1
   465 | D:1      | Discovered your monstrous ancestry.
   465 | D:1      | Gained mutation: You have a pair of small horns on your
                  | head. [demonic ancestry]
   465 | D:1      | Reached XP level 2. HP: 22/22 MP: 2/2
   637 | D:1      | Reached skill level 3 in Axes
  1358 | D:2      | Found Dujyn's Weapon Shoppe.
  1415 | D:2      | Gained mutation: Your spells are a little easier to cast,
                  | but a little less powerful. [potion of mutation]
  1415 | D:2      | Gained mutation: Your flesh is cold resistant. (rC+)
                  | [potion of mutation]
  1572 | D:2      | Reached XP level 3. HP: 24/28 MP: 3/3
  1877 | D:2      | Found a faded altar of an unknown god.
  2121 | D:2      | Found a runed translucent door.
  2122 | D:2      | Noticed Crazy Yiuf
  2330 | D:2      | Killed Crazy Yiuf
  2331 | D:2      | Gained mutation: Your touch may inflict minor irresistible
                  | damage on your foes. [demonic ancestry]
  2331 | D:2      | Reached XP level 4. HP: 7/34 MP: 4/4
  2699 | D:3      | Reached skill level 1 in Armour
  2711 | D:3      | Found a shadowy altar of Dithmenos.
  2795 | D:3      | Noticed Ijyb
  2804 | D:3      | Killed Ijyb
  2805 | D:3      | Reached skill level 4 in Axes
  3010 | D:3      | Noticed Robin
  3012 | D:3      | Gained mutation: You have a pair of horns on your head.
                  | [demonic ancestry]
  3012 | D:3      | Reached XP level 5. HP: 37/41 MP: 5/5
  3014 | D:3      | Killed Robin
  3338 | D:4      | Gained mutation: Your demonic aura sometimes causes spilled
                  | blood to erupt in flames. [demonic ancestry]
  3338 | D:4      | Reached XP level 6. HP: 47/47 MP: 6/6
  3547 | D:4      | Found a staircase to the Ecumenical Temple.
  3586 | Temple   | Entered the Ecumenical Temple
  3849 | D:4      | Found a hide-covered altar of Uskayaw.
  3866 | D:4      | Found a sacrificial altar of Ru.
  4370 | D:5      | Entered Level 5 of the Dungeon
  4455 | D:5      | Reached skill level 5 in Axes
  4674 | D:5      | Noticed a water moccasin
  4678 | D:5      | Killed a water moccasin
  4679 | D:5      | Reached XP level 7. HP: 48/54 MP: 7/7
  4699 | D:5      | Reached skill level 1 in Evocations
  5208 | D:5      | Noticed Grinder
  5213 | D:5      | Killed Grinder
  5214 | D:5      | Reached skill level 5 in Fighting
  5214 | D:5      | Reached skill level 6 in Axes
  5214 | D:5      | Gained mutation: You have large cloven feet. [demonic
                  | ancestry]
  5214 | D:5      | Reached XP level 8. HP: 59/62 MP: 8/8
  5284 | D:5      | Found a stormy altar of Qazlal.
  5446 | D:6      | Reached skill level 1 in Unarmed Combat
  5551 | D:6      | Reached skill level 7 in Axes
  5551 | D:6      | HP: 3/62 [wight/+0 halberd (6)]
  5556 | D:6      | HP: 1/57 [iguana (12)]
  5559 | D:6      | Mangled by an iguana

Illustrated notes

Levels and vault maps discovered:
D:1:      elethiomel_arrival_infinity_welcomes_careful_drivers, layout_basic
D:2:      layout_loops_ring, serial_shops, shop_statue,
          nicolae_ecumenical_lake_church, minmay_misc_feat_columns,
          minmay_diced_spiral, uniq_crazy_yiuf_cottage
D:3:      layout_basic, nicolae_overflow_crystal_walls, minmay_misc_feat_chi,
          uniq_robin, uniq_ijyb
D:4:      layout_cave_pods, nicolae_ru_great_annihilating_truth,
          eat_drink_and_be_merry_uskayaw, temple_fountains
D:5:      layout_loops_ring, nicolae_overflow_hidden_temple,
          chequers_decorated_corner, uniq_grinder
D:6:      cheibrodos_fertilizer, layout_layer_cave,
          nicolae_ossuary_entry_catacombs, chequers_mini_garden
Temple:   jpeg_temple_island

Skill      XL: |  1  2  3  4  5  6  7  8 |
---------------+-------------------------+-----
Dodging        | 3 |  3.0
Axes           | 3 4 5 6 7 |  7.2
Throwing       | 2 |  2.0
Armour         | 1 2 3 |  3.0
Fighting       | 3 4 5 6 |  6.0
Evocations     | 2 |  2.0
Unarmed Combat | 1 |  1.6

Action                   |  1- 3 |  4- 6 |  7- 9 || total
-------------------------+-------+-------+-------++-------
Melee: War axe           |    75 |   106 |    35 ||   216
       Headbutt          |     8 |    18 |    13 ||    39
       Dagger            |    16 |       |       ||    16
       Touch             |       |    16 |     9 ||    25
       Punch             |       |     1 |     1 ||     2
       Kick              |       |       |     7 ||     7
Throw: Throwing net      |     1 |       |       ||     1
  Use: Scroll            |     3 |     7 |       ||    10
       Potion            |     3 |     4 |     2 ||     9
 Stab: Invisible         |     1 |       |       ||     1
       Held in net/web   |     1 |       |       ||     1
       Paralysed         |       |     1 |       ||     1
Armor: Ring mail         |    40 |    15 |       ||    55
       Leather armour    |     1 |       |       ||     1
       Scale mail        |       |    20 |    10 ||    30
Dodge: Dodged            |    44 |    60 |    21 ||   125

Table legend: (Time is in decaauts)
 A = Elapsed time spent in this place.
 B = Non-inter-level travel time spent in this place.
 C = Inter-level travel time spent in this place.
 D = Time resting spent in this place.
 E = Time spent auto-exploring this place.
 F = Levels seen in this place.
 G = Mean time per level.
                   A        B        C        D        E       F      G
               +--------+--------+--------+--------+--------+-----+--------+
         Total |   5645 |   4786 |    859 |    210 |   3511 |   7 |  806.4 |
       Dungeon |   5360 |   4511 |    849 |    210 |   3245 |   6 |  893.3 |
        Temple |    284 |    275 |      9 |      0 |    266 |   1 |  284.0 |
               +--------+--------+--------+--------+--------+-----+--------+

Top non-repeatable levels by time:
     D:1: 1379 daAuts
     D:2: 1230 daAuts
     D:4: 994 daAuts
     D:5: 940 daAuts
     D:3: 690 daAuts
  Temple: 284 daAuts
     D:6: 125 daAuts
